 Dungeon Crawl Stone Soup version 0.17-a0-18-gc25b939 (console) character file.

69 MrRokkomies the Slasher (level 4, 0/29 HPs)
             Began as a High Elf Warper on Mar 10, 2015.
             Slain by Terence
             ... wielding a +1 short sword of draining
              (4 damage)
             ... on level 2 of the Dungeon.
             The game lasted 00:05:55 (1426 turns).

MrRokkomies the Slasher (High Elf Warper)           Turns: 1426, Time: 00:05:55

Health: 0/29       AC:  5    Str: 10    XL:     4   Next: 2%
Magic:  10/11      EV: 10    Int: 17    God:
Gold:   87         SH:  0    Dex: 15    Spells: 3 memorised, 2 levels left

rFire  + . .     SeeInvis .     a - +1 falchion
rCold  + . .     Clarity  .     b - +0 leather armour
rNeg   . . .     SustAb   .     (no shield)
rPois  +         Gourm    .     j - +0 helmet
rElec  +         Spirit   .     (no cloak)
rCorr  +         Warding  .     k - +0 pair of gloves
rMut   .         Stasis   .     (no boots)
MR     .....                    (no amulet)
Stlth  +.........               (no ring)
                                (no ring)

@: resistant, very slightly contaminated, very heavily drained, not resistant to
hostile enchantments, very unstealthy
A: no striking features
a: no special abilities


You were on level 2 of the Dungeon.
You were hungry.

You visited 1 branch of the dungeon, and saw 2 of its levels.

You collected 87 gold pieces.

Inventory:

Hand weapons
 a - a +1 falchion (weapon)
Missiles
 e - 5 tomahawks of dispersal
 n - 4 javelins (quivered)
Armour
 b - a +0 leather armour (worn)
 j - a +0 helmet (worn)
 k - a +0 pair of gloves (worn)
Scrolls
 d - a scroll of blinking
 m - a scroll of teleportation
Potions
 l - a potion of might {unknown}
Books
 c - a book of Spatial Translocations

   Spells                             Type                      Level
   a - Apportation                    Translocation                1
   b - Blink                          Translocation                2
   c - Shroud of Golubria             Charms/Translocation         2
   d - Portal Projectile              Translocation                3
   e - Teleport Other                 Translocation                3
   f - Passage of Golubria            Translocation                4
Comestibles
 f - a bread ration
 h - a royal jelly


   Skills:
 - Level 2.0(0.0) Fighting
 * Level 4.2(0.7) Long Blades
 - Level 1.1(0.0) Throwing
 - Level 0.8(0.0) Armour
 * Level 3.5(0.1) Dodging
 - Level 2.4(0.0) Spellcasting
 - Level 3.2(0.0) Translocations


You had 2 spell levels left.
You knew the following spells:

 Your Spells              Type           Power        Failure   Level  Hunger
a - Apportation           Tloc           #.........   34%         1    ##.....
b - Blink                 Tloc           N/A          50%         2    ###....
c - Shroud of Golubria    Chrm/Tloc      #.........   50%         2    ###....


Dungeon Overview and Level Annotations

Branches:
Dungeon (2/15)

Altars:

Annotations:
D:2 Terence


Message History

You feel uncomfortable.
You are feeling hungry.
Something hits you.
* * * LOW HITPOINT WARNING * * *
You feel drained.
The goblin shoots a stone.
You hit something. Something hits you but does no damage.
You feel drained.
You hit something. Something barely misses you.
You barely miss something. Something hits you but does no damage.
You feel drained.
You hit something. Something hits you.
* * * LOW HITPOINT WARNING * * *
You feel drained.
* * * LOW HITPOINT WARNING * * *
Drink which item? (? for menu, Esc to quit)
You feel better. Something hits you.
* * * LOW HITPOINT WARNING * * *
You feel drained.
* * * LOW HITPOINT WARNING * * *
You hit something. Something hits you.
You die...

. .... ..... ...... .#
....... #.## .......
...# ....... ...###
#####......# ......
#.g(@..# .....#
#..###..# ....#######
#...## .#
..........###(w..##.#...
...#.####.((.(.(........
........#....(..........
.............(.....#...
.............[...### ..
.................#
#................#
.................#


You could see a goblin.

Vanquished Creatures
  Robin (D:2)
  A gnoll (D:1)
  An ooze (D:1)
  7 bats
  2 giant cockroaches (D:1)
  9 goblins
  7 hobgoblins
  A giant newt (D:1)
  9 kobolds
  5 rats
43 creatures vanquished.

Notes
Turn   | Place    | Note
--------------------------------------------------------------
     0 | D:1      | MrRokkomies, the High Elf Warper, began the quest for the Orb.
     0 | D:1      | Reached XP level 1. HP: 14/14 MP: 4/4
   226 | D:1      | Reached XP level 2. HP: 14/19 MP: 6/6
   232 | D:1      | Learned a level 2 spell: Blink
   235 | D:1      | Learned a level 2 spell: Shroud of Golubria
   504 | D:1      | Reached XP level 3. HP: 21/24 MP: 8/8
   977 | D:2      | Noticed Robin
  1015 | D:1      | Reached skill level 4 in Long Blades
  1258 | D:2      | Killed Robin
  1258 | D:2      | Reached XP level 4. HP: 10/29 MP: 9/11
  1394 | D:2      | Noticed Terence
  1409 | D:2      | HP: 1/29 [something (3)]
  1426 | D:2      | Slain by Terence

Action                   |  1- 3 |  4- 6 || total
-------------------------+-------+-------++-------
Melee: Falchion          |   157 |    12 ||   169
 Cast: Shroud of Golubri |     7 |       ||     7
  Use: Scroll            |     5 |       ||     5
       Potion            |       |     4 ||     4
  Eat: Chunk             |     2 |       ||     2
